 Dungeon Crawl Stone Soup version 0.19.5 (webtiles) character file.

321 djnw the Caller (level 6, 0/41 HPs)
             Began as a Mummy Summoner on Mar 23, 2017.
             Slain by a gnoll
             ... wielding a +0 spear of piercing
              (1 damage)
             ... on level 4 of the Dungeon.
             The game lasted 00:13:04 (4756 turns).

djnw the Caller (Mummy Summoner)                    Turns: 4756, Time: 00:13:04

Health: 0/41       AC:  2    Str: 11    XL:     6   Next: 22%
Magic:  3/11       EV: 12    Int: 16    God:
Gold:   101        SH:  0    Dex: 13    Spells: 4 memorised, 2 levels left

rFire  x . .     SeeInvis .     d - +4 spear
rCold  + . .     Gourm    .     a - +0 robe
rNeg   + + +     Faith    .     (no shield)
rPois  ∞         Spirit   .     (no helmet)
rElec  .         Reflect  .     (no cloak)
rCorr  .         Harm     .     (no gloves)
MR     .....                    (no boots)
Stlth  ++........               (no amulet)
                                (no ring)
                                (no ring)

@: no status effects
A: no food or potions, fire vulnerability, cold resistance 1, negative energy
resistance 3, torment resistance, unbreathing
a: no special abilities


You were on level 4 of the Dungeon.
You were not hungry.

You visited 1 branch of the dungeon, and saw 4 of its levels.

You collected 101 gold pieces.

Inventory:

Hand Weapons
 d - a +4 spear (weapon)
Armour
 a - a +0 robe (worn)
Jewellery
 f - an uncursed ring of see invisible {unknown}
Wands
 e - a wand of digging (7/24)
 g - a wand of iceblast (8/15)
Scrolls
 c - 2 scrolls of teleportation
Books
 b - a book of Callings

   Spells                             Type                      Level
   a - Summon Small Mammal            Summoning                    1
   b - Call Imp                       Summoning                    2
   c - Call Canine Familiar           Summoning                    3
   d - Summon Guardian Golem          Hexes/Summoning              3
   e - Summon Lightning Spire         Summoning/Air                4
   f - Summon Ice Beast               Ice/Summoning                4


   Skills:
 - Level 1.5 Dodging
 - Level 1.5 Stealth
 + Level 3.9 Spellcasting
 * Level 5.3 Summonings
 + Level 0.4 Ice Magic


You had 2 spell levels left.
You knew the following spells:

 Your Spells              Type           Power        Failure   Level  Hunger
a - Summon Small Mammal   Summ           ###.         1%          1    N/A
b - Call Imp              Summ           ###.....     3%          2    N/A
c - Call Canine Familiar  Summ           ###.....     8%          3    N/A
d - Summon Ice Beast      Ice/Summ       ##......     63%         4    N/A

Dungeon Overview and Level Annotations

Branches:
Dungeon (4/15)
 Temple: D:4-7

Altars:
Nemelex Xobeh
Qazlal
Uskayaw
Vehumet

Annotations:
D:4 chispas90's ghost, amateur HuWn


Innate Abilities, Weirdness & Mutations

You do not eat or drink.
Your flesh is vulnerable to fire.
You are immune to poison.
Your flesh is cold resistant. (rC+)
You are immune to negative energy. (rN+++)
You are immune to unholy pain and torment.
You can survive without breathing.


Message History

You puncture chispas90's ghost!
Chispas90's ghost is heavily damaged.
The gnoll hits you from afar with a spear of piercing.
Chispas90's ghost hits you!
* * * LOW HITPOINT WARNING * * *
Unknown command.
You are too injured to fight recklessly!
Unknown command.
You are too injured to fight recklessly!
Unknown command.
Your white imp gestures at chispas90's ghost.
The puff of frost hits chispas90's ghost.
Chispas90's ghost hits your white imp.
Your white imp closely misses chispas90's ghost.
Chispas90's ghost barely misses your white imp.
You closely miss chispas90's ghost.
Chispas90's ghost is heavily damaged.
The gnoll hits you from afar with a spear of piercing.
* * * LOW HITPOINT WARNING * * *
You die...

###.... ###.....
#####......#
...........#
#........##
#........#
#........##
##.g####..## .
#.g# ##.@# .#
##.## #W.##..#
#..# ##g5..!#
#..###))...##
#.....)....#
#...........#
#...............#
###..............
##....[........


You could see chispas90's ghost, a gnoll and a friendly white imp.

Vanquished Creatures
  Sigmund (D:3)
  3 adders (D:2)
  2 gnolls (D:4)
  A dart slug (D:1)
  An orc (D:3)
  4 giant cockroaches
  3 goblins
  8 hobgoblins
  10 kobolds
  A quokka (D:3)
  6 bats
  6 frilled lizards
  8 rats
54 creatures vanquished.

Vanquished Creatures (collateral kills)
  A jelly (D:3)
  A gnoll shaman (D:4)
  An orc wizard (D:3)
  Jessica (D:3)
  Ijyb (D:3)
  A gnoll (D:4)
  4 adders
  An ooze (D:1)
  2 dart slugs
  4 orcs (D:3)
  2 giant cockroaches (D:3)
  2 goblins (D:3)
  2 hobgoblins (D:1)
  2 jackals (D:2)
  A ball python (D:3)
  4 bats
  5 kobolds
  2 rats
37 creatures vanquished.

Grand Total: 91 creatures vanquished

Notes
Turn   | Place    | Note
-------+----------+-------------------------------------------
     0 | D:1      | djnw the Mummy Summoner began the quest for the Orb.
     0 | D:1      | Reached XP level 1. HP: 13/13 MP: 3/3
  1014 | D:1      | Reached XP level 2. HP: 12/19 MP: 0/5
  1029 | D:1      | Learned a level 2 spell: Call Imp
  2152 | D:2      | Reached XP level 3. HP: 24/24 MP: 3/6
  2157 | D:2      | Learned a level 3 spell: Call Canine Familiar
  2466 | D:2      | Reached skill level 4 in Summonings
  2856 | D:2      | Noticed a dagger
  2856 | D:2      | Noticed a hand axe
  2866 | D:2      | Found a hide-covered altar of Uskayaw.
  3035 | D:2      | Reached XP level 4. HP: 30/30 MP: 8/8
  3654 | D:3      | Noticed Sigmund
  3944 | D:3      | Killed Sigmund
  3944 | D:3      | Reached skill level 5 in Summonings
  3944 | D:3      | Reached XP level 5. HP: 35/35 MP: 1/10
  4092 | D:3      | Learned a level 4 spell: Summon Ice Beast
  4171 | D:3      | Noticed Ijyb
  4220 | D:3      | Killed Ijyb
  4376 | D:3      | Found a radiant altar of Vehumet.
  4376 | D:3      | Found a stormy altar of Qazlal.
  4376 | D:3      | Found a sparkling altar of Nemelex Xobeh.
  4405 | D:3      | Noticed Jessica
  4418 | D:3      | Reached XP level 6. HP: 41/41 MP: 2/11
  4428 | D:3      | Killed Jessica
  4719 | D:4      | Noticed chispas90's ghost (amateur HuWn)
  4756 | D:4      | HP: 1/41 [gnoll/spear of piercing (3)]
  4756 | D:4      | Slain by a gnoll

Skill      XL: |  1  2  3  4 |
---------------+-------------+-----
Summonings     | 4 5 |  5.3
Spellcasting   | 3 |  3.9
Dodging        | |  1.5
Stealth        | |  1.5
Ice Magic      | |  0.4

Action                   |  1- 3 |  4- 6 || total
-------------------------+-------+-------++-------
Melee: Whip              |    38 |       ||    38
       Unarmed           |    12 |       ||    12
       Spear             |    68 |    65 ||   133
 Cast: Summon Small Mamm |    13 |     1 ||    14
       Call Imp          |    13 |    29 ||    42
       Call Canine Famil |       |     9 ||     9
  Use: Scroll            |     4 |       ||     4
 Stab: Sleeping          |     3 |       ||     3
       Distracted        |     1 |     2 ||     3
Armor: Robe              |    29 |     8 ||    37
Dodge: Dodged            |    76 |    44 ||   120
